 Dungeon Crawl Stone Soup version 0.30-a0-879-ga8ba668304 (webtiles) character file.

Game seed: 18053072087496451768

65 kcfos the Charlatan (level 4, 0/28 HPs)
             Began as a Kobold Artificer on Mar 14, 2023.
             Was an Initiate of Dithmenos.
             Slain by a hobgoblin
             ... wielding a +0 quarterstaff
              (7 damage)
             ... on level 3 of the Dungeon.
             The game lasted 00:13:13 (2482 turns).

kcfos the Charlatan (Kobold Artificer)              Turns: 2482, Time: 00:13:14

Health: 0/28       AC:  6    Str:  9    XL:     4   Next: 34%
Magic:  4/4        EV: 13    Int: 12    God:    Dithmenos [......]
Gold:   37         SH:  0    Dex: 17    Spells: 3/3 levels left

rFire   . . .      SeeInvis .    i - +0 dagger
rCold   . . .      Faith    .    (no shield)
rNeg    . . .      Spirit   .    j - +0 ring mail
rPois   +          Reflect  .    p - +0 helmet
rElec   .          Rampage  .    (no cloak)
rCorr   .                        (no gloves)
Will    .....                    (no boots)
Stlth   ++                       (no amulet)
HPRegen 0.24/turn                m - ring of poison resistance
MPRegen 0.09/turn                (no ring)

@: no status effects
A: small, no large weapons, nightstalker 3
a: Renounce Religion


You were on level 3 of the Dungeon.
You worshipped Dithmenos.
Dithmenos was noncommittal.
You visited 1 branch of the dungeon, and saw 3 of its levels.

You collected 109 gold pieces.
You spent 72 gold pieces at shops.

Inventory:

Hand Weapons
 a - a +0 club
 i - a +0 dagger (weapon)
 r - a +0 arbalest
Missiles
 g - 6 stones
 u - 5 boomerangs (quivered)
Armour
 b - a +0 leather armour
 j - a +0 ring mail (worn)
 p - a +0 helmet (worn)
Jewellery
 m - a ring of poison resistance (left hand)
Wands
 c - a wand of flame (15)
 d - a wand of charming (12)
 e - a wand of iceblast (5)
Scrolls
 l - a scroll of poison {unknown}
 n - a scroll of enchant armour {unknown}
Potions
 o - a potion of brilliance {unknown}
 q - a potion of lignification {unknown}
 s - a potion of attraction {unknown}
 t - a potion of berserk rage
 v - a potion of curing


   Skills:
 + Level 3.3 Fighting
 + Level 2.4 Short Blades
 - Level 0.4 Maces & Flails
 - Level 0.4 Ranged Weapons
 - Level 0.7 Armour
 - Level 2.4 Dodging
 - Level 1.3 Stealth
 - Level 3.6 Evocations


You had 3 spell levels left.
You didn't know any spells.
Your spell library was empty.

Dungeon Overview and Level Annotations

Branches:
Dungeon (3/15)

Altars:
Dithmenos

Shops:
D:3 !

Annotations:
D:2 Terence


Innate Abilities, Weirdness & Mutations

You are small and have problems with some larger weapons.
You are completely attuned to the shadows.


Message History

It is a scroll of identify.
k - a potion of heal wounds The hobgoblin hits you with a +0 club.
The hobgoblin barely misses you.
Aiming: Charm
Press: ? - help, Shift-Dir - straight line, f - hobgoblin
Aim: a hobgoblin, wielding a +0 club (moderately wounded, chance to affect: 74%)
The hobgoblin struggles to resist.
The hobgoblin barely misses you. The hobgoblin closely misses you.
Unknown command.
Aiming: Charm
Press: ? - help, Shift-Dir - straight line, f/p - hobgoblin
Aim: a hobgoblin, wielding a +0 club (moderately wounded, chance to affect: 74%)
The hobgoblin is charmed.
The kobold brigand closely misses your hobgoblin.
The kobold brigand hits your hobgoblin with a +3 dagger of venom.
Your hobgoblin is poisoned.
The hobgoblin hits you with a +0 quarterstaff.
* * * LOW HITPOINT WARNING * * *
The kobold brigand throws a curare-tipped dart.
The curare-tipped dart completely misses your hobgoblin.
The curare-tipped dart barely misses you.
Aiming: Charm
Press: ? - help, Shift-Dir - straight line, f - hobgoblin, p - hobgoblin
Aim: a hobgoblin, wielding a +0 quarterstaff (moderately wounded, chance to affect: 74%)
The hobgoblin struggles to resist.
Your hobgoblin dies!
The hobgoblin barely misses you.
Okay, then.
Unknown command.
Okay, then.
You feel much better. The kobold brigand misses you.
The hobgoblin closely misses you.
The kobold brigand hits you with a +3 dagger of venom!
You are lethally poisoned!
You feel better.
The kobold brigand hits you with a +3 dagger of venom!
Ouch! That really hurt!
* * * LOW HITPOINT WARNING * * *
The hobgoblin hits you with a +0 quarterstaff!
You die...

##... ..... #####
.... #... .... #...
##### ~~~~~~~ ....
##.g.######~~~≈~~~
#...
..KK@.....###~≈≈#####
###
..###.......#####..).
# #≈######.....).).))
# ~≈ ###....)#### #
~~~ #######
##########
.........######
#.............#
#.............#


You could see 2 kobold brigands and a hobgoblin.

Vanquished Creatures
  A worm (D:2)
  2 dart slugs (D:1)
  An orc (D:3)
  9 bats
  4 endoplasms
  7 goblins
  6 hobgoblins
  A quokka (D:2)
  6 ball pythons
  2 frilled lizards (D:1)
  13 kobolds
  2 rats
54 creatures vanquished.

Vanquished Creatures (others)
  A hobgoblin (D:3)
  8 fungi (D:3)
9 creatures vanquished.

Grand Total: 63 creatures vanquished

Notes
Turn   | Place    | Note
-------+----------+-------------------------------------------
     0 | D:1      | kcfos the Kobold Artificer began the quest for the Orb.
     0 | D:1      | Reached XP level 1. HP: 12/12 MP: 1/1
   356 | D:1      | Reached XP level 2. HP: 10/17 MP: 2/2
   391 | D:1      | Found Waelefa's Antique Armour Shop.
   636 | D:2      | Noticed Terence
  1026 | D:1      | Reached XP level 3. HP: 21/22 MP: 3/3
  1116 | D:1      | Reached skill level 1 in Short Blades
  1990 | D:3      | Reached XP level 4. HP: 26/28 MP: 4/4
  2096 | D:3      | Found a shadowy altar of Dithmenos.
  2112 | D:3      | Became a worshipper of Dithmenos the Shadowed
  2361 | D:3      | Found Fabregg's Distillery.
  2364 | D:3      | Bought a potion of curing for 36 gold pieces
  2364 | D:3      | Bought a potion of curing for 36 gold pieces
  2474 | D:3      | Noticed a kobold brigand
  2475 | D:3      | Noticed a kobold brigand
  2482 | D:3      | Slain by a hobgoblin

Illustrated notes

Levels and vault maps discovered:
D:1:      lightli_arrival_noodles, layout_basic, serial_shops,
          nicolae_shop_overgrown_old_shop, corexii_leaking_fountain
D:2:      layout_basic, st_stairs_11, uniq_terence
D:3:      cheibrodos_thug_alley, layout_basic,
          mainiacjoe_overflow_cross_hatched, serial_shops,
          nicolae_shop_behind_doors

Skill      XL: |  1  2  3 |
---------------+----------+-----
Fighting       | 2 3 |  3.3
Short Blades   | 2 |  2.4
Maces & Flails | |  0.4
Ranged Weapons | |  0.4
Armour         | |  0.7
Dodging        | |  2.4
Stealth        | |  1.3
Evocations     | |  3.6

Action                     |  1- 3 |  4- 6 || total
---------------------------+-------+-------++-------
  Melee: Club              |    61 |       ||    61
         Dagger            |    86 |    74 ||   160
         Punch             |       |     1 ||     1
   Fire: Arbalest          |       |     1 ||     1
  Throw: Stone             |     9 |     2 ||    11
         Boomerang         |       |     1 ||     1
  Evoke: Wand              |       |     3 ||     3
    Use: Scroll            |       |     2 ||     2
         Potion            |       |     2 ||     2
   Stab: Sleeping          |    13 |     2 ||    15
 Armour: Leather armour    |    10 |       ||    10
         Ring mail         |    12 |    24 ||    36
  Dodge: Dodged            |    77 |    65 ||   142

Table legend: (Time is in decaauts)
 A = Elapsed time spent in this place.
 B = Non-inter-level travel time spent in this place.
 C = Inter-level travel time spent in this place.
 D = Time resting spent in this place.
 E = Time spent auto-exploring this place.
 F = Levels seen in this place.
 G = Mean time per level.
                   A        B        C        D        E       F      G
               +--------+--------+--------+--------+--------+-----+--------+
         Total |   2486 |   2400 |     86 |     91 |   1397 |   3 |  828.7 |
       Dungeon |   2486 |   2400 |     86 |     91 |   1397 |   3 |  828.7 |
               +--------+--------+--------+--------+--------+-----+--------+

Top non-repeatable levels by time:
     D:1: 1276 daAuts
     D:2: 696 daAuts
     D:3: 514 daAuts
